 Dungeon Crawl Stone Soup version 0.26-a0-639-g72c4674329 (webtiles) character file.

Game seed: 17487948305293004795

15058 Flugslaktarn the Cleaver (level 11, -18/108 HPs)
             Began as a Deep Dwarf Fighter on Sept 28, 2020.
             Was a High Priest of Makhleb.
             Killed from afar by a fire dragon (41 damage)
             ... with a blast of flame
             ... on level 11 of the Dungeon.
             The game lasted 00:04:49 (6598 turns).

Flugslaktarn the Cleaver (Deep Dwarf Fighter)       Turns: 6598, Time: 00:04:49

Health: -18/108    AC: 19    Str: 22    XL:     11   Next: 96%
Magic:  9/9        EV:  7    Int:  9    God:    Makhleb [*****.]
Gold:   490        SH:  0    Dex: 13    Spells: 10/10 levels left

rFire    . . .     SeeInvis .   d - +4 battleaxe (vamp)
rCold    . . .     Faith    .   (shield currently unavailable)
rNeg     . . .     Spirit   .   y - +0 plate armour
rPois    .         Reflect  .   p - +0 helmet
rElec    .         Harm     .   q - +1 cloak
rCorr    .         Rampage  .   B - +0 pair of gloves
MR       ++...                  (no boots)
Stlth    ..........             (no amulet)
HPRegen  0.00/turn              m - ring of protection from magic
MPRegen  0.11/turn              (no ring)

@: non-regenerating
A: damage resistance, heal wounds, sense surroundings 2, no regeneration
a: Heal Wounds, Minor Destruction, Lesser Servant of Makhleb, Major Destruction,
Greater Servant of Makhleb, Renounce Religion


You were on level 11 of the Dungeon.
You worshipped Makhleb.
Makhleb was extremely pleased with you.
You visited 2 branches of the dungeon, and saw 12 of its levels.

You collected 490 gold pieces.

Inventory:

Hand Weapons
 a - a +1 war axe
 d - a +4 vampiric battleaxe (weapon)
   (You took it off an orc warlord on level 11 of the Dungeon)
Armour
 c - a +0 kite shield
 p - a +0 helmet (worn)
   (You found it on level 4 of the Dungeon)
 q - a +1 cloak (worn)
   (You found it on level 5 of the Dungeon)
 y - a +0 plate armour (worn)
   (You found it on level 5 of the Dungeon)
 B - a +0 pair of gloves (worn)
   (You found it on level 10 of the Dungeon)
Jewellery
 m - a ring of protection from magic (left hand)
   (You found it on level 4 of the Dungeon)
Wands
 b - a wand of iceblast (7)
   (You found it on level 5 of the Dungeon)
 l - a wand of acid (4)
   (You found it on level 5 of the Dungeon)
 A - a wand of enslavement (7)
   (You found it on level 10 of the Dungeon)
Scrolls
 t - 3 scrolls of teleportation
 x - 3 scrolls of remove curse
 D - a scroll of magic mapping
 E - 2 scrolls of immolation
Potions
 e - 3 potions of lignification
 f - a potion of resistance {unknown}
 g - 8 potions of ambrosia
 h - 5 potions of haste
 i - 2 potions of degeneration {unknown}
 j - 6 potions of curing {unknown}
 k - a potion of berserk rage {unknown}
 n - 2 potions of flight {unknown}
 u - a potion of mutation {unknown}
 w - a potion of invisibility {unknown}


   Skills:
 * Level 10.0 Fighting
 * Level 11.4 Axes
 + Level 8.9 Armour
 + Level 1.4 Dodging
 - Level 8.5 Shields
 + Level 9.3 Invocations
 + Level 3.3 Evocations


You had 10 spell levels left.
You didn't know any spells.
Your spell library was empty.

Dungeon Overview and Level Annotations

Branches:
Dungeon (11/15)            Temple (1/1) D:4            Lair (0/6) D:9
    Orc: D:9-12

Altars:
Ashenzari
Cheibriados
Dithmenos
Fedhas
Gozag
Kikubaaqudgha
Makhleb
Nemelex Xobeh
Okawaru
Qazlal
Sif Muna
Trog
Uskayaw
Xom
Yredelemnul
The Shining One

Shops:
D:9 :

Annotations:
D:3 1 transporter, wtfv's ghost, weakling DsWr
D:5 1 exclusion
D:11 exclusion: orange crystal statue


Innate Abilities, Weirdness & Mutations

You are resistant to damage.
You can heal yourself by infusing magical energy.
You passively map the area around you.
You do not regenerate.


Message History

The fire dragon is heavily wounded.
The fire dragon bites you but does no damage.
The fire dragon claws you but does no damage.
The fire dragon closely misses you.
The fire dragon bites you but does no damage.
The fire dragon claws you but does no damage.
The fire dragon tramples you.
You stumble backwards!
You slice the fire dragon!!
The fire dragon is severely wounded.
The fire dragon bites you but does no damage.
The fire dragon claws you but does no damage.
The fire dragon tramples you.
You stumble backwards!
You hit the fire dragon but do no damage.
The fire dragon is severely wounded.
The ogre mage gestures at you while chanting.
The bolt of cold hits you!!
* * * LOW HITPOINT WARNING * * *
The fire dragon breathes flames at you. The blast of flame hits you!!!
You die...

############ * #..........#
###..........# *,.##
............>##### ..... ,
.................####...... ,,
..†..........(............. ,
......###'##...............
*+*
###...#....#...............,*
, ..#...#....#....@..........
,
..#...#....#.....D..O......,*,
..#...#....#......Yc)...... *
###...######....###W8.###. *
#<............###.†r)...# ,
#...........###..#.≈≈..#..#
#.........###..# .#o..#.##.,
#.......### .# .#.#.#. .#** ,
* ##<.....#8 ,, .. .,....,..


You could see a fire dragon (catching breath), a centaur warrior, an ogre mage,
a phantom, a sky beast and a quokka.

Vanquished Creatures
  A frost giant (D:11)
  An orc warlord (D:11)
  3 two-headed ogres
  2 unseen horrors
  An ugly thing (D:11)
  A manticore (D:10)
  2 kobold demonologists
  2 tengu conjurers
  A queen bee (D:9)
  2 trolls (D:10)
  5 hippogriffs
  A wraith (D:11)
  4 yaks (D:11)
  A vampire mosquito (D:10)
  2 wargs (D:8)
  2 black bears (D:11)
  3 orc warriors
  2 necrophages
  An ice beast (D:7)
  6 ogres
  9 centaurs
  4 big kobolds
  8 bullfrogs
  4 scorpions
  22 killer bees
  2 howler monkeys (D:8)
  3 centaur zombies
  A quasit (D:5)
  5 hounds
  2 jellies
  A centaur skeleton (D:6)
  5 orc priests
  5 orc wizards
  7 iguanas
  9 worker ants
  A hound skeleton (D:5)
  3 worker ant zombies
  7 gnolls
  A river rat (D:5)
  10 adders
  A shadow imp (D:10)
  2 white imps
  2 oozes
  An ufetubus (D:5)
  2 adder skeletons
  2 worms
  3 dart slugs (D:1)
  6 leopard geckos
  35 orcs
  4 giant cockroaches
  A goblin (D:1)
  6 hobgoblins
  3 jackals
  14 kobolds
  6 quokkas
  5 bats (D:1)
  2 frilled lizards
  4 rats
251 creatures vanquished.

Notes
Turn   | Place    | Note
-------+----------+-------------------------------------------
     0 | D:1      | Flugslaktarn the Deep Dwarf Fighter began the quest for the
                  | Orb.
     0 | D:1      | Reached XP level 1. HP: 20/20 MP: 1/1
    97 | D:1      | Reached XP level 2. HP: 21/27 MP: 2/2
   446 | D:2      | Reached XP level 3. HP: 23/34 MP: 3/3
   468 | D:2      | Reached skill level 3 in Axes
   555 | D:3      | Found a transporter.
   558 | D:3      | Noticed wtfv's ghost (weakling DsWr)
   560 | D:3      | Noticed a centaur
   609 | D:4      | Reached XP level 4. HP: 28/42 MP: 3/3
   641 | D:4      | Found a staircase to the Ecumenical Temple.
   650 | Temple   | Entered the Ecumenical Temple
   855 | Temple   | Became a worshipper of Makhleb the Destroyer
   927 | D:4      | Reached XP level 5. HP: 50/50 MP: 3/3
  1009 | D:4      | Reached skill level 4 in Axes
  1051 | D:4      | Noticed a two-headed ogre
  1067 | D:4      | Killed a two-headed ogre
  1067 | D:4      | Reached skill level 5 in Fighting
  1067 | D:4      | Reached skill level 5 in Axes
  1067 | D:4      | Reached XP level 6. HP: 48/61 MP: 3/6
  1067 | D:4      | Reached XP level 7. HP: 53/67 MP: 3/7
  1373 | D:4      | Reached skill level 5 in Armour
  1373 | D:4      | Reached skill level 5 in Shields
  1526 | D:5      | Entered Level 5 of the Dungeon
  1609 | D:5      | Reached skill level 6 in Axes
  1609 | D:5      | Reached XP level 8. HP: 49/74 MP: 8/8
  1723 | D:5      | Reached * piety under Makhleb
  1851 | D:5      | Found a snail-covered altar of Cheibriados.
  2544 | D:6      | Reached ** piety under Makhleb
  2544 | D:6      | Reached skill level 7 in Axes
  2560 | D:6      | Found a shattered altar of Ashenzari.
  2897 | D:7      | Reached skill level 5 in Invocations
  2903 | D:7      | Noticed a hippogriff
  2909 | D:7      | Gained mutation: You passively map the area around you.
                  | [Deep Dwarf growth]
  2909 | D:7      | Reached XP level 9. HP: 63/84 MP: 10/10
  3298 | D:7      | Found an ancient bone altar of Kikubaaqudgha.
  3841 | D:8      | Reached skill level 8 in Axes
  4076 | D:8      | Found a shimmering blue altar of Sif Muna.
  4585 | D:8      | Reached *** piety under Makhleb
  4609 | D:9      | Reached XP level 10. HP: 61/96 MP: 12/12
  4628 | D:8      | Reached skill level 9 in Axes
  4658 | D:9      | Noticed a two-headed ogre
  4678 | D:9      | Killed a two-headed ogre
  4769 | D:9      | Found Teotoper's Book Shoppe.
  4860 | D:9      | Found a staircase to the Lair.
  4950 | D:9      | Reached **** piety under Makhleb
  5212 | D:10     | Entered Level 10 of the Dungeon
  5339 | D:10     | Noticed a manticore
  5441 | D:10     | Killed a manticore
  5451 | D:10     | Reached skill level 10 in Axes
  5514 | D:10     | Killed an unseen horror
  5514 | D:10     | Reached XP level 11. HP: 67/104 MP: 9/11
  6129 | D:11     | Noticed a cyan ugly thing
  6152 | D:11     | Killed a cyan ugly thing
  6173 | D:11     | Reached ***** piety under Makhleb
  6223 | D:11     | Noticed a frost giant
  6263 | D:11     | Killed an unseen horror
  6266 | D:11     | Killed a frost giant
  6266 | D:11     | Reached skill level 11 in Axes
  6266 | D:11     | Reached skill level 1 in Evocations
  6277 | D:11     | Noticed an orc warlord
  6293 | D:11     | Killed an orc warlord
  6391 | D:11     | Noticed an orange crystal statue
  6560 | D:11     | Noticed a two-headed ogre
  6567 | D:11     | Killed a two-headed ogre
  6567 | D:11     | Reached skill level 1 in Dodging
  6580 | D:11     | Noticed a fire dragon
  6581 | D:11     | Reached skill level 10 in Fighting
  6591 | D:11     | Noticed an ogre mage
  6592 | D:11     | Identified the +6 shortbow "Viczud" {flame, Str+7 Stlth+}
  6592 | D:11     | Noticed a centaur warrior
  6592 | D:11     | Noticed a two-headed ogre
  6598 | D:11     | Killed from afar by a fire dragon

Illustrated notes

Levels and vault maps discovered:
D:1:      scummos_arrival_star, layout_loops_corners, minmay_hexomino_u4
D:2:      layout_basic, marbit_many_paths
D:3:      layout_basic, nicolae_overflow_crystal_walls,
          grunt_temple_overflow_cloverleaf, gammafunk_ghost_arena
D:4:      layout_loops_cross, minmay_temple_entry_waves
D:5:      layout_basic, kennysheep_little_box, lightli_sewer_entry_pipes,
          minmay_misc_feat_iff, eino_tiny_chamber
D:6:      layout_basic, evilmike_ruin_ashenzari
D:7:      layout_cave_pods, lemuel_coloured_pillars_altar
D:8:      layout_basic, minmay_misc_feat_tiny, lemuel_blue_sif_altar
D:9:      layout_cave_pools, erik_lair_orcish_takeover, serial_shops,
          nicolae_shop_behind_doors, special_room [special_room_bee]
D:10:     layout_long_grid, minmay_fractal_squares_gapless_7
D:11:     minmay_complete_graph, layout_irregular_city, serial_shops,
          nicolae_shop_statue_plus, minmay_protected_statue
Temple:   nicolae_temple_figure_eight

Skill      XL: |  1  2  3  4  5  6  7  8  9 10 11 |
---------------+----------------------------------+-----
Fighting       | 3 5 6 7 8 10 | 10.0
Axes           | 3 5 6 7 8 10 11 | 11.4
Armour         | 4 5 6 7 8 |  8.9
Shields        | 4 5 6 7 8 |  8.5
Invocations    | 3 5 6 8 9 |  9.3
Evocations     | 3 |  3.3
Dodging        | 1 |  1.4

Action                   |  1- 3 |  4- 6 |  7- 9 | 10-12 || total
-------------------------+-------+-------+-------+-------++-------
Melee: War axe           |    81 |    52 |   377 |   410 ||   920
       Battleaxe         |       |       |       |    58 ||    58
 Abil: Heal Wounds       |     1 |     3 |     6 |    21 ||    31
Evoke: Wand              |       |       |       |     3 ||     3
  Use: Scroll            |       |     1 |     8 |     9 ||    18
       Potion            |       |       |       |     3 ||     3
Armor: Scale mail        |    24 |    22 |    65 |       ||   111
       Plate armour      |       |       |   249 |   407 ||   656
       Skin              |       |       |       |    18 ||    18
Dodge: Dodged            |    34 |    19 |   135 |   150 ||   338
Block: Kite shield       |    55 |    36 |   301 |   300 ||   692

Table legend: (Time is in decaauts)
 A = Elapsed time spent in this place.
 B = Non-inter-level travel time spent in this place.
 C = Inter-level travel time spent in this place.
 D = Time resting spent in this place.
 E = Time spent auto-exploring this place.
 F = Levels seen in this place.
 G = Mean time per level.
                   A        B        C        D        E       F      G
               +--------+--------+--------+--------+--------+-----+--------+
         Total |   6758 |   6484 |    274 |     31 |   4669 |  12 |  563.2 |
       Dungeon |   6531 |   6303 |    228 |     31 |   4491 |  11 |  593.7 |
        Temple |    226 |    180 |     46 |      0 |    178 |   1 |  226.0 |
               +--------+--------+--------+--------+--------+-----+--------+

Top non-repeatable levels by time:
     D:8: 980 daAuts
     D:7: 853 daAuts
    D:10: 828 daAuts
     D:4: 744 daAuts
     D:5: 682 daAuts
     D:9: 633 daAuts
     D:6: 620 daAuts
    D:11: 559 daAuts
     D:1: 470 daAuts
  Temple: 226 daAuts
     D:2: 87 daAuts
     D:3: 70 daAuts
